 Dungeon Crawl Stone Soup version 0.19.5 (webtiles) character file.

11 straycat the Magician (level 2, -2/22 HPs)
             Began as a Vampire Wanderer on May 13, 2017.
             Slain by a kobold
             ... wielding a +0 dagger
              (3 damage)
             ... on level 1 of the Dungeon.
             The game lasted 00:11:26 (1703 turns).

straycat the Magician (Vampire Wanderer)            Turns: 1703, Time: 00:11:27

Health: -2/22      AC:  2    Str: 12    XL:     2   Next: 13%
Magic:  5/5        EV: 11    Int: 12    God:
Gold:   27         SH:  0    Dex: 14    Spells: 0 memorised, 5 levels left

rFire  . . .     SeeInvis +     (no weapon)
rCold  + . .     Gourm    .     d - +0 robe
rNeg   + + .     Faith    .     (no shield)
rPois  +         Spirit   .     (no helmet)
rElec  .         Reflect  .     (no cloak)
rCorr  .         Harm     .     (no gloves)
MR     .....                    (no boots)
Stlth  ++........               (no amulet)
                                (no ring)
                                (no ring)

@: regenerating slowly
A: fangs 3, see invisible, unbreathing
a: no special abilities


You were on level 1 of the Dungeon.
You were very thirsty.

You visited 1 branch of the dungeon, and saw 1 of its levels.

You collected 27 gold pieces.

Inventory:

Hand Weapons
 a - a +2 mace
 e - a +0 mace
 h - a +0 spear
 p - a +0 whip
Armour
 d - a +0 robe (worn)
 l - a +0 robe
 o - a +0 chain mail
 t - a +0 leather armour
Scrolls
 m - 2 scrolls of identify {unknown}
 r - a scroll of blinking {unknown}
 s - a scroll of fear {unknown}
Potions
 c - a potion of lignification
 j - a potion of curing {unknown}
 k - a potion of flight {unknown}
 n - a potion of cure mutation {unknown}
 v - a potion of heal wounds {unknown}
Books
 b - the Volume of Conjuration

   Spells                             Type                      Level
   a - Flame Tongue                   Conjuration/Fire             1
   b - Stone Arrow                    Conjuration/Earth            3
Comestibles
 f - a bread ration
 g - 2 fruits
 q - a slice of pizza
 u - a meat ration


   Skills:
 * Level 2.1 Fighting
 - Level 1.5 Maces & Flails
 + Level 1.1 Throwing
 + Level 1.0 Armour
 * Level 0.2 Dodging
 + Level 0.4 Stealth
 * Level 0.2 Unarmed Combat
 + Level 2.1 Spellcasting
   Level 1.0 Poison Magic
   Level 1.0 Evocations


You had 5 spell levels left.
You didn't know any spells.

Dungeon Overview and Level Annotations

Branches:
Dungeon (1/15)

Altars:


Innate Abilities, Weirdness & Mutations

You heal slowly.
You have razor-sharp teeth.
You have supernaturally acute eyesight. (SInv)
You can survive without breathing.


Message History

The kobold is severely wounded.
The kobold hits you but does no damage.
You miss the kobold. You bite the kobold, but do no damage.
The kobold is severely wounded.
The kobold hits you with a dagger.
You hit the kobold but do no damage.
The kobold is severely wounded.
The kobold hits you with a dagger.
* * * LOW HITPOINT WARNING * * *
You barely miss the kobold.
The kobold is severely wounded.
The kobold hits you with a dagger.
* * * LOW HITPOINT WARNING * * *
You hit the kobold but do no damage.
The kobold is moderately wounded.
The kobold hits you but does no damage.
You closely miss the kobold.
The kobold is moderately wounded.
The kobold hits you with a dagger.
You die...

#.......######
#.#####.##...#
#######.#####.##...###
............#........#
#####.....#..........#
##...####........# ##.##
#.##...####
#.#####.#.......#
#(@.....##.#.##.#
##K#########.###.# #
##...## ## #.#
#.##.....## ### #.##
#.#.......## ##.##.#.##
##..........####....###.#
......(.....'......## ##.
##.........####....###.#
#.......## ##.##.#.##


You could see a kobold.

Vanquished Creatures
  A dart slug (D:1)
  2 giant cockroaches (D:1)
  A goblin (D:1)
  A frilled lizard (D:1)
  A kobold (D:1)
  4 rats (D:1)
10 creatures vanquished.

Notes
Turn   | Place    | Note
-------+----------+-------------------------------------------
     0 | D:1      | straycat the Vampire Wanderer began the quest for the Orb.
     0 | D:1      | straycat set off with: a +2 mace, the Volume of Conjuration, a potion of lignification, a +0 robe, a potion of blood
     0 | D:1      | Reached XP level 1. HP: 16/16 MP: 3/3
     3 | D:1      | Identified the Volume of Conjuration
  1152 | D:1      | Reached XP level 2. HP: 14/22 MP: 5/5
  1701 | D:1      | HP: 1/22 [kobold/dagger (4)]
  1703 | D:1      | Slain by a kobold

Skill      XL: |  1 |
---------------+----+-----
Fighting       | 2 |  2.1
Maces & Flails | |  1.5
Throwing       | |  1.1
Armour         | |  1.0
Dodging        | |  0.2
Stealth        | |  0.4
Unarmed Combat | |  0.2
Spellcasting   | |  2.1
Poison Magic   | |  1.0
Evocations     | |  1.0

Action                   || total
-------------------------++-------
Melee: Unarmed           ||    64
       Bite              ||     9
Throw: Stone             ||    17
  Use: Potion            ||     1
Armor: Robe              ||     9
Dodge: Dodged            ||    34
